Map: Abyssal Reef LE

Players

IamGeneius

  • Race: Protoss Protoss
  • League: Platinum
  • Spawn Location: 11:00

Yata - Winner!

  • Race: Zerg Zerg
  • League: Platinum
  • Spawn Location: 5:00

VOD

Have the link to the VOD?

Description

Time

  • Played on: Sept. 26, 2017, 5:08 p.m.
  • Length: 20:31
Show
View Real Time Build Order
Export as new Build Order

IamGeneius Protoss 

Build Orders: Nexus First 

Get SALT Encoding   

  12  0:03  Probe (Chrono Boost)  
  13  0:14  Probe (Chrono Boost)  
  14  0:18  Pylon  
  14  0:26  Probe (Chrono Boost)  
  15  0:37  Probe (Chrono Boost)  
  16  0:47  Probe (Chrono Boost)  
  17  0:58  Probe (Chrono Boost)  
  18  1:05  Nexus  
  18  1:10  Pylon  
  18  1:15  Assimilator  
  18  1:29  Gateway  
  18  1:38  Forge  
  18  1:44  Pylon  
  18  1:57  Gateway  
  18  2:09  Probe (Chrono Boost)  
  19  2:18  Probe (Chrono Boost)  
  20  2:24  Photon Cannon  
  20  2:25  Assimilator  
  20  2:28  Cybernetics Core  
  20  2:29  Probe (Chrono Boost)  
  21  2:41  Pylon  
  22  2:44  Probe (Chrono Boost)  
  22  2:45  Probe (Chrono Boost)  
  23  3:12  Mothership Core (Chrono Boost)  
  25  3:18  Probe (Chrono Boost)  
  26  3:22  Gateway  
  26  3:24  Warp Gate (Chrono Boost)  
  26  3:25  Gateway  
  26  3:28  Probe (Chrono Boost)  
  27  3:35  Gateway  
  27  3:39  Probe (Chrono Boost)  
  27  3:40  Probe (Chrono Boost)  
  29  3:47  Pylon  
  29  3:49  Probe (Chrono Boost)  
  30  4:01  Probe (Chrono Boost)  
  30  4:02  Twilight Council  
  30  4:31  Pylon, Stalker x3  
  36  4:47  Gateway  
  36  5:01  Stalker x2  
  36  5:03  Gateway  
  36  5:06  Probe  
  40  5:13  Charge (Chrono Boost)  
  41  5:15  Probe  
  41  5:17  Probe  
  43  5:28  Probe x2  
  45  5:40  Probe  
  45  5:42  Probe  
  46  5:49  Gateway  
  47  5:51  Gateway  
  47  5:53  Probe  
  48  6:00  Pylon, Robotics Facility  
  48  6:01  Pylon  
  48  6:11  Zealot  
  48  6:12  Zealot x3  
  48  6:13  Zealot x2  
  60  6:23  Probe  
  61  6:29  Pylon  
  61  6:31  Pylon  
  61  6:37  Zealot x2  
  61  6:38  Zealot x2  
  69  7:05  Zealot x2  
  69  7:06  Zealot x3  
  69  7:07  Zealot x2  
  83  7:24  Nexus  
  83  7:28  Protoss Ground Weapons Level 1  
  83  7:29  Probe  
  84  7:34  Nexus, Warp Prism  
  86  7:41  Probe  
  85  7:55  Zealot x3  
  85  7:56  Zealot x3  
  85  7:57  Zealot  
  79  8:31  Zealot x3  
  79  8:32  Zealot x3  
  75  8:38  Probe  
  75  8:40  Probe  
  74  8:46  Probe  
  74  8:47  Pylon  
  72  8:50  Pylon  
  72  8:51  Pylon, Probe x2  
  72  8:55  Warp Prism  
  66  8:56  Probe  
  66  9:01  Probe  
  67  9:02  Gateway  
  67  9:03  Probe  
  67  9:05  Assimilator  
  67  9:07  Probe  
  64  9:12  Probe  
  64  9:15  Probe  
  60  9:17  Probe  
  60  9:20  Zealot x2  
  60  9:21  Zealot x3  
  60  9:22  Probe  
  67  9:28  Probe  
  69  9:33  Probe  
  69  9:34  Photon Cannon  
  69  9:37  Pylon  
  70  9:38  Probe  
  70  9:40  Resonating Glaives (Chrono Boost)  
  70  9:43  Warp Prism (Chrono Boost)  
  70  9:44  Probe  
  74  9:49  Probe  
  75  9:54  Probe  
  75  9:56  Dark Shrine  
  76  10:00  Protoss Ground Weapons Level 2 (Chrono Boost)  
  76  10:03  Zealot x2  
  76  10:05  Probe  
  81  10:08  Probe  
  81  10:11  Probe x2  
  84  10:15  Probe  
  84  10:18  Probe  
  86  10:29  Zealot x2  
  86  10:30  Zealot  
  86  10:33  Adept x2  
  96  10:35  Adept  
  96  10:36  Adept x3  
  96  10:37  Adept  
  106  10:49  Photon Cannon x2  
  106  10:50  Photon Cannon  
  106  10:59  Stargate  
  106  11:02  Assimilator  
  106  11:03  Assimilator  
  106  11:17  Dark Templar  
  108  11:19  Zealot x3  
  108  11:20  Zealot, Blink  
  108  11:24  Zealot x2  
  108  11:25  Zealot  
  122  11:42  Zealot x4  
  122  11:43  Zealot x2  
  120  11:54  Dark Templar  
  122  11:58  Zealot x3  
  116  12:09  Zealot  
  116  12:10  Zealot x2  
  116  12:11  Zealot x2  
  116  12:12  Zealot  
  118  12:25  Fleet Beacon  
  116  12:30  Assimilator  
  116  12:31  Assimilator  
  114  12:41  Nexus  
  102  12:51  Zealot  
  102  12:52  Zealot x3  
  110  13:04  Adept x2  
  106  13:07  Adept  
  106  13:08  Dark Templar x2  
  112  13:13  Zealot x3  
  112  13:14  Zealot, Probe  
  112  13:19  Probe  
  121  13:20  Probe x2  
  121  13:25  Probe  
  121  13:26  Assimilator  
  125  13:35  Probe  
  132  13:46  Probe  
  125  13:54  Adept x2  
  125  13:55  Adept  
  105  13:56  Probe  
  79  14:18  Dark Templar  
  79  14:19  Dark Templar x2  
  85  14:29  Dark Templar  
  86  14:40  Dark Templar x2  
  90  14:50  Stalker  
  90  14:51  Stalker  
  92  15:04  Dark Templar x2  
  82  15:17  Mothership Core  
  82  15:20  Zealot  
  82  15:21  Zealot x4  
  94  15:40  Dark Templar x2  
  94  15:41  Zealot x2  
  94  15:42  Zealot  
  90  16:02  Dark Templar x2  
  84  16:05  Zealot x2  
  84  16:06  Zealot x3  
  94  16:20  Gateway  
  94  16:21  Stalker x2  
  98  16:25  Stalker  
  100  16:33  Dark Templar  
  100  16:35  Zealot  
  100  16:36  Zealot  
  106  16:50  Nexus  
  106  17:04  Stalker x3  
  112  17:08  Archon x3  
  112  17:13  Stalker  
  112  17:14  Dark Templar  
  110  17:30  Dark Templar  
  110  17:32  Zealot x3  
  110  17:35  Zealot  
  86  18:17  Stalker x4  
  86  18:18  Stalker x3  
  78  18:25  Zealot  
  80  18:33  Assimilator x2  
  80  18:41  Dark Templar x2  
  84  19:07  Dark Templar  
  86  19:16  Dark Templar x2  
  88  19:17  Zealot x2  
  88  19:22  Mothership Core  
  92  19:30  Zealot x3  
  92  19:31  Zealot  
  102  19:38  Zealot x2  
  104  19:43  Stalker  
  88  19:55  Stalker  
  88  19:56  Stalker x2  
  88  19:57  Zealot x2  
  61  20:16  Dark Templar x3  
Show
View Real Time Build Order
Export as new Build Order

Yata Zerg - Winner!

Build Orders: Hatch First 

Get SALT Encoding   

  12  0:01  Drone  
  13  0:12  Overlord  
  13  0:18  Drone  
  14  0:31  Drone x2  
  14  0:35  Drone  
  17  0:55  Drone  
  17  0:56  Hatchery  
  17  1:00  Drone  
  18  1:09  Extractor  
  17  1:18  Spawning Pool  
  16  1:20  Drone  
  16  1:22  Drone  
  18  1:28  Drone  
  19  1:43  Overlord  
  19  1:50  Drone  
  20  2:01  Drone  
  20  2:05  Queen  
  20  2:08  Queen  
  23  2:11  Zergling x4  
  23  2:13  Metabolic Boost  
  27  2:25  Drone x2  
  29  2:31  Drone  
  30  2:40  Drone  
  31  3:07  Zergling x4  
  31  3:08  Zergling x4  
  31  3:09  Overlord x2  
  35  3:20  Drone  
  36  3:27  Drone x3  
  36  3:28  Drone x2  
  41  3:38  Drone x2, Baneling Nest  
  41  3:39  Evolution Chamber  
  41  3:41  Queen  
  43  3:43  Drone x2  
  45  3:53  Spore Crawler  
  45  3:54  Spore Crawler  
  45  3:55  Drone  
  44  3:56  Drone x5  
  44  4:00  Overlord  
  47  4:20  Zerg Melee Weapons Level 1  
  47  4:24  Drone  
  48  4:35  Extractor  
  48  4:36  Drone x3  
  50  4:38  Hatchery  
  50  4:44  Pneumatized Carapace  
  49  4:59  Overlord x2  
  45  5:07  Lair  
  45  5:27  Queen  
  47  5:40  Zergling x8  
  47  5:41  Zergling x12  
  57  5:54  Queen  
  59  5:58  Drone x5  
  59  5:59  Drone x5  
  69  6:10  Overlord x3  
  69  6:20  Zerg Missile Weapons Level 1  
  69  6:25  Hydralisk Den  
  68  6:27  Extractor, Drone  
  68  6:28  Drone x3  
  68  6:31  Drone x4  
  68  6:32  Drone  
  76  6:55  Muscular Augments  
  76  6:56  Hydralisk x7  
  90  7:10  Baneling x4  
  90  7:22  Hydralisk x2  
  92  7:26  Hatchery  
  92  7:39  Zergling x2  
  92  7:40  Zergling x16  
  96  7:50  Zergling x2  
  98  7:51  Zergling x8  
  91  8:05  Zergling x2  
  75  8:06  Zergling x16  
  76  8:19  Zergling x2  
  66  8:20  Zergling x20  
  66  8:23  Queen  
  63  8:37  Hydralisk Den  
  60  8:46  Zergling x14  
  61  8:50  Queen  
  61  8:51  Queen x2  
  62  9:06  Zergling x2  
  62  9:07  Zergling x10  
  59  9:18  Zergling x6  
  62  9:24  Baneling x4  
  62  9:31  Drone x9  
  71  9:43  Zerg Ground Armor Level 1, Hydralisk x4  
  79  9:49  Hydralisk x2  
  83  10:04  Hydralisk x4  
  91  10:24  Hydralisk  
  91  10:25  Hydralisk  
  95  10:47  Drone  
  95  10:48  Extractor, Drone x2  
  97  10:51  Drone  
  97  10:52  Drone x6  
  97  10:54  Overlord x4  
  104  11:09  Centrifical Hooks  
  104  11:11  Hydralisk x2  
  104  11:13  Hydralisk  
  104  11:16  Zergling x2  
  104  11:17  Zergling x22  
  119  11:38  Queen  
  118  11:41  Zerg Missile Weapons Level 2  
  113  11:49  Overseer  
  85  12:33  Zergling x2  
  85  12:34  Zergling x32  
  97  12:38  Hydralisk x4  
  95  13:10  Hydralisk x3  
  101  13:21  Extractor  
  101  13:22  Drone x7  
  107  13:32  Hydralisk x2  
  111  13:40  Zergling x2  
  111  13:41  Zergling x16  
  115  13:51  Zergling x6  
  102  13:59  Zergling x2  
  102  14:00  Zergling x4  
  101  14:17  Lair  
  101  14:18  Hatchery, Queen  
  102  14:24  Zergling x2  
  102  14:25  Zergling x12  
  109  14:42  Drone  
  109  14:43  Drone x9  
  119  14:49  Zergling x2  
  119  14:50  Zergling x4  
  122  14:54  Queen  
  94  15:11  Zergling x8  
  94  15:12  Zergling x8  
  86  15:18  Overseer  
  86  15:19  Overseer  
  86  15:22  Hydralisk x3  
  88  15:30  Hydralisk x2, Queen  
  94  15:39  Hydralisk  
  94  15:40  Hydralisk x5  
  105  15:53  Zergling x6  
  105  15:54  Zergling x4  
  96  16:09  Hatchery  
  95  16:17  Zergling x12  
  95  16:18  Zergling x2  
  102  16:22  Hydralisk Den  
  101  16:30  Hatchery  
  101  16:31  Hatchery  
  99  16:38  Infestation Pit  
  98  16:43  Zergling x18  
  107  16:51  Zerg Melee Weapons Level 2  
  107  16:54  Hydralisk x7  
  121  17:12  Overlord  
  121  17:13  Overlord x3  
  112  17:25  Zergling x2  
  112  17:26  Zergling x24  
  123  17:33  Queen  
  108  17:57  Zergling x2  
  108  17:58  Zergling x30  
  116  18:06  Hydralisk x7  
  114  18:13  Zergling x4  
  108  18:24  Drone x3  
  108  18:25  Drone x7  
  118  18:37  Hydralisk x7  
  132  18:57  Queen  
  134  19:16  Hydralisk x4  
  142  19:33  Hydralisk x3, Queen  
  142  19:37  Zergling x20  
  142  19:38  Zergling x22  
  155  19:49  Zergling x8  
  147  20:01  Hydralisk x4  
Tags
 
Add a new tag
Caveats
  • Supply blocks, unpowered buildings, or Contaminate may cause inaccurate times.
  • Supply counts are checked every 10 seconds.